 Dungeon Crawl Stone Soup version 0.31-a0-699-g830162fb6c (webtiles) character file.

Game seed: 12153324412705516303

4463 qw the Skirmisher (level 10, -2/64 HPs)
             Began as a Gargoyle Hunter on Sept 7, 2023.
             Was a Follower of Okawaru.
             Slain by a yak (9 damage)
             ... on level 7 of the Dungeon.
             The game lasted 00:02:44 (6112 turns).

qw the Skirmisher (Gargoyle Hunter)                 Turns: 6112, Time: 00:02:44

Health: -2/64      AC: 14    Str: 14    XL:     10   Next: 37%
Magic:  12/13      EV: 17    Int: 11    God:    Okawaru [*.....]
Gold:   383        SH:  0    Dex: 17    Spells: 9/9 levels left

rFire   . . .        Y - +1 arbalest
rCold   . . .        (shield currently unavailable)
rNeg    + . .        a - +3 leather armour
rPois   inf          (no helmet)
rElec   +            (no cloak)
rCorr   .            (no gloves)
SInv    .            (no boots)
Will    .....        (no amulet)
Stlth   +++          (no ring)
HPRegen 0.30/turn    (no ring)
MPRegen 0.13/turn

%: no passive effects
@: heroic
A: sickness immunity, AC +7, negative energy resistance 1, electricity
resistance, torment resistance 1, petrification resistance
a: Renounce Religion, Heroism


You were on level 7 of the Dungeon.
You worshipped Okawaru.
Okawaru was aware of your devotion.
You visited 2 branches of the dungeon, and saw 8 of its levels.

You collected 500 gold pieces.
You spent 117 gold pieces at shops.


Innate Abilities, Weirdness & Mutations

You are immune to sickness and miasma.
Your stone body is resilient. (AC +7)
You are immune to poison.
You resist negative energy. (rN+)
You are resistant to electric shocks. (rElec)
You are resistant to unholy torment.
You are immune to petrification.


   Skills:
 - Level 8.0(13.0) Fighting
 + Level 11.2(16.2) Ranged Weapons
 - Level 4.5(9.5) Armour
 - Level 4.7(9.7) Dodging
 - Level 1.1(6.1) Stealth
 - Level 4.0 Invocations


You had 9 spell levels left.
You didn't know any spells.
Your spell library was empty.

Inventory:

Hand Weapons
 Y - a +1 arbalest (weapon)
Armour
 a - a +3 leather armour (worn)
 d - a +1 robe of fire resistance
 e - a +0 pair of boots
Scrolls
 c - a scroll of identify
Potions
 b - a potion of might
 f - 2 potions of heal wounds {unknown}
 g - 2 potions of degeneration {unknown}
 h - a potion of ambrosia {unknown}
 i - a potion of curing {unknown}
 j - a potion of mutation {unknown}

Dungeon Overview and Level Annotations

Branches:
Dungeon (7/15)             Temple (1/1) D:5

Altars:
Ashenzari
Cheibriados
Elyvilon
Fedhas
Gozag
Hepliaklqana
Kikubaaqudgha
Makhleb
Nemelex Xobeh
Okawaru
Qazlal
Ru
Sif Muna
Trog
Vehumet
Wu Jian
Xom
Yredelemnul
Zin
The Shining One

Shops:
D:4 (


Message History

Enter note:
6106 |||
Found retreat position at 2,4 (floor) with 0 blocking monsters and 2 monsters attacking at destination at distance 4
Enter note:
Enter note:
Enter note:
Enter note:
6106 ||| Stepping ~*~*~tactically~*~*~ (retreating).
The wight barely misses you. The yak closely misses you.
Enter note:
Enter note:
Enter note:
Enter note:
6107 |||
Found retreat position at 1,3 (floor) with 0 blocking monsters and 2 monsters attacking at destination at distance 3
6107 ||| Stepping ~*~*~tactically~*~*~ (retreating).
The yak attacks as it pursues you! The yak completely misses you.
The wight closely misses you. The yak gores you! The wight misses you.
Enter note:
Enter note:
Enter note:
Enter note:
6108 |||
Found retreat position at 2,2 (floor) with 0 blocking monsters and 2 monsters attacking at destination at distance 2
6108 ||| Stepping ~*~*~tactically~*~*~ (retreating).
The yak attacks as it pursues you! The yak closely misses you.
The wight misses you.
Enter note:
Enter note:
Enter note:
Enter note:
6109 |||
Found retreat position at 1,1 (floor) with 0 blocking monsters and 2 monsters attacking at destination at distance 1
6109 ||| Stepping ~*~*~tactically~*~*~ (retreating).
The yak attacks as it pursues you! The yak gores you!
You shoot a bolt. The bolt hits the yak!
The yak is moderately wounded.
The yak gores you but does no damage.
You shoot a bolt. The bolt closely misses the yak.
The wight hits you but does no damage. The yak barely misses you.
You shoot a bolt. The bolt hits the yak!
The yak is severely wounded.
The wight hits you with a +3 mace! The yak gores you!
You die...

.....##.##.....)##...#
###..............).....#
#.###:...........##...##
+...##......#....:...##
##...#................##
##.>.%>..........)........
##....##..#...%............
#.......zY#.....)......#...
##....#.Yz@......).....#...
##.....##.##........###.....
##.....z.####........# ....
#......z## #.......#.. #..
##......####........#..# #.
#........##........#...
#.......)........... .##
#..#.......z.......
#...#......##......


You could see 2 yaks and 2 wights.

Vanquished Creatures
  Pikel (D:5)
  A hornet (D:7)
  Grinder (D:3)
  A yak (D:7)
  A steam dragon (D:7)
  Eustachio (D:5)
  Menkaure (D:5)
  2 water moccasins
  Duvessa (D:5)
  2 black bears (D:5)
  An ice beast (D:5)
  4 sky beasts
  An ogre (D:7)
  An orc warrior (D:7)
  A hornet zombie (D:7)
  2 lemures (D:5)
  A phantom (D:5)
  A kobold brigand (D:7)
  2 scorpions
  7 wights (D:7)
  Dowan (D:5)
  2 bullfrog zombies (D:7)
  A gnoll bouda (D:6)
  5 jellies
  An orc priest (D:5)
  7 hounds
  2 iguanas (D:5)
  3 sleepcaps
  Jessica (D:3)
  5 orc wizards
  Natasha (thrice) (D:3)
  2 killer bee zombies (D:7)
  A howler monkey zombie (D:7)
  8 adders
  5 gnolls (D:6)
  3 shadow imps
  A white imp (D:5)
  3 worms
  6 dart slugs
  15 orcs
  8 endoplasms
  4 giant cockroaches
  9 hobgoblins
  4 jackals
  10 kobolds
  4 quokkas
  8 ball pythons
  6 bats
  3 frilled lizards
  11 goblins
  5 rats
180 creatures vanquished.

Notes
Turn   | Place    | Note
-------+----------+-------------------------------------------
     0 | D:1      | qw the Gargoyle Hunter began the quest for the Orb.
     0 | D:1      | Reached XP level 1. HP: 12/12 MP: 1/1
     0 | D:1      | 0 ||| qw: Version: 0.3-a-76-g4403597
     0 | D:1      | 0 ||| qw: Game counter: 405
     0 | D:1      | 0 ||| qw: Melee chars always use a shield: true
     0 | D:1      | 0 ||| qw: God list: Okawaru
     0 | D:1      | 0 ||| qw: Allow faded altars: false
     0 | D:1      | 0 ||| qw: Do Orc after clearing Dungeon:15 true
     0 | D:1      | 0 ||| qw: Do second Lair branch before Depths: true
     0 | D:1      | 0 ||| qw: Lair rune preference: random
     0 | D:1      | 0 ||| qw: Goals: Normal
     0 | D:1      | 0 ||| PLANNING D:1-11
     7 | D:1      | Noticed a swamp worm
     7 | D:1      | Noticed a scorpion
     8 | D:1      | Noticed a salamander
     8 | D:1      | Noticed a polar bear
   144 | D:1      | Reached XP level 2. HP: 17/17 MP: 2/2
   320 | D:1      | Reached XP level 3. HP: 21/21 MP: 3/3
   322 | D:1      | Reached skill level 5 in Ranged Weapons
   736 | D:1      | 736 ||| READING 2 scrolls labelled NAOPSEBUES.
   737 | D:1      | 737 ||| READING scroll labelled OLETOMAATE.
   738 | D:1      | 738 ||| READING scroll labelled WAESEW IHOMU.
   739 | D:1      | 739 ||| DROPPING scroll of fog.
   740 | D:1      | 740 ||| DROPPING scroll of butterflies.
   862 | D:2      | Reached skill level 3 in Fighting
   958 | D:2      | Reached XP level 4. HP: 28/28 MP: 4/4
  1218 | D:2      | Found an ornate altar of the Wu Jian Council.
  1651 | D:2      | 1651 ||| UPGRADING to +0 ring mail.
  1661 | D:2      | 1661 ||| DROPPING +0 leather armour.
  1662 | D:2      | 1662 ||| DROPPING amulet of magic regeneration.
  1663 | D:2      | 1663 ||| DROPPING ring of flight.
  1664 | D:2      | 1664 ||| READING scroll labelled PYESODOARO.
  1665 | D:2      | 1665 ||| READING 2 scrolls labelled EHAHAOM JUGATI.
  1666 | D:2      | 1666 ||| DROPPING scroll of vulnerability.
  1897 | D:3      | Noticed Grinder
  1910 | D:3      | HP: 5/28 [Grinder (4)]
  1910 | D:3      | HP: 2/28 [Grinder (3)]
  1911 | D:3      | Killed Grinder
  1912 | D:3      | Reached XP level 5. HP: 2/32 MP: 5/5
  1912 | D:3      | Reached XP level 6. HP: 3/37 MP: 6/6
  2092 | D:3      | Noticed Natasha
  2097 | D:3      | Killed Natasha
  2116 | D:3      | Found a faded altar of an unknown god.
  2151 | D:3      | Noticed Jessica
  2158 | D:3      | 2158 ||| FLEEEEING.
  2167 | D:3      | Killed Jessica
  2168 | D:3      | Reached skill level 6 in Ranged Weapons
  2343 | D:3      | Noticed Natasha
  2349 | D:3      | Killed Natasha
  2397 | D:3      | Noticed Natasha
  2407 | D:3      | Killed Natasha
  2493 | D:3      | Found a stormy altar of Qazlal.
  2493 | D:3      | Found a broken altar of Ashenzari.
  2494 | D:3      | Found a sparkling altar of Nemelex Xobeh.
  2750 | D:3      | 2750 ||| DROPPING ring of wizardry.
  2751 | D:3      | 2751 ||| READING 3 scrolls labelled NINUOSKAIRR.
  2752 | D:3      | 2752 ||| READING scroll labelled RIGOAW YZUE.
  2753 | D:3      | 2753 ||| READING scroll labelled FOUCIRO ROUT.
  2757 | D:3      | 2757 ||| DRINKING 2 sedimented golden potions.
  2758 | D:3      | 2758 ||| DROPPING 2 scrolls of amnesia.
  2759 | D:3      | 2759 ||| DROPPING potion of brilliance.
  2842 | D:4      | Reached XP level 7. HP: 42/42 MP: 7/7
  2849 | D:4      | 2849 ||| FLEEEEING.
  2850 | D:4      | 2850 ||| FLEEEEING.
  2851 | D:4      | 2851 ||| FLEEEEING.
  2852 | D:4      | 2852 ||| FLEEEEING.
  2853 | D:4      | 2853 ||| FLEEEEING.
  2854 | D:4      | 2854 ||| FLEEEEING.
  2953 | D:4      | Found a shimmering altar of Xom.
  2961 | D:4      | Found a shimmering altar of Xom.
  2962 | D:4      | Found a shimmering altar of Xom.
  2973 | D:4      | Found a shimmering altar of Xom.
  3055 | D:4      | Found Woawea's Antique Weapon Shoppe.
  3110 | D:4      | 3110 ||| BUYING arbalest (117 gold).
  3110 | D:4      | Bought an arbalest for 117 gold pieces
  3110 | D:4      | 3110 ||| SWAPPING to +0 arbalest.
  3111 | D:4      | 3111 ||| DROPPING +0 shortbow.
  3301 | D:4      | 3301 ||| UPGRADING to +3 leather armour.
  3311 | D:4      | 3311 ||| DROPPING +0 ring mail.
  3324 | D:5      | Entered Level 5 of the Dungeon
  3358 | D:5      | Reached skill level 7 in Ranged Weapons
  3461 | D:5      | Noticed Pikel
  3462 | D:5      | 3462 ||| Stepping ~*~*~tactically~*~*~ (retreating).
  3466 | D:5      | HP: 10/43 [Pikel/+1 whip of freezing (2)]
  3470 | D:5      | Killed Pikel
  3471 | D:5      | Reached XP level 8. HP: 6/48 MP: 8/8
  3703 | D:5      | Noticed Eustachio
  3712 | D:5      | Killed Eustachio
  3796 | D:5      | 3796 ||| Stepping ~*~*~tactically~*~*~ (outnumbered).
  3867 | D:5      | Found a staircase to the Ecumenical Temple.
  3868 | D:5      | 3868 ||| PLANNING TEMPLE
  3868 | D:5      | 3868 ||| READING 3 scrolls of identify.
  3868 | D:5      | 3868 ||| IDENTIFYING grey potion
  3869 | D:5      | 3869 ||| READING 2 scrolls of identify.
  3869 | D:5      | 3869 ||| IDENTIFYING fizzy puce potion
  3870 | D:5      | 3870 ||| DROPPING potion of attraction.
  3871 | D:5      | 3871 ||| DROPPING potion of lignification.
  3880 | Temple   | Entered the Ecumenical Temple
  3881 | Temple   | 3881 ||| PLANNING OKAWARU WORSHIP
  3895 | Temple   | Became a worshipper of Warmaster Okawaru
  3896 | Temple   | 3896 ||| PLANNING D:1-11
  3923 | D:5      | Reached skill level 8 in Ranged Weapons
  3999 | D:5      | Noticed Dowan
  4000 | D:5      | Noticed Duvessa
  4016 | D:5      | Killed Duvessa
  4018 | D:5      | Killed Dowan
  4115 | D:5      | Noticed Menkaure
  4117 | D:5      | Killed Menkaure
  4226 | D:5      | Reached XP level 9. HP: 35/54 MP: 9/9
  4229 | D:5      | Reached skill level 9 in Ranged Weapons
  4352 | D:5      | 4352 ||| RETREATING.
  4354 | D:5      | 4354 ||| RETREATING.
  4356 | D:5      | Reached * piety under Okawaru
  4361 | D:5      | 4361 ||| INVOKING Heroism.
  4371 | D:5      | Reached skill level 6 in Fighting
  4527 | D:5      | Reached skill level 1 in Invocations
  4594 | D:5      | 4594 ||| READING 2 scrolls of identify.
  4594 | D:5      | 4594 ||| IDENTIFYING glowing orange potion
  4607 | D:6      | 4607 ||| INVOKING Heroism.
  4763 | D:6      | 4763 ||| INVOKING Heroism.
  4801 | D:6      | 4801 ||| INVOKING Heroism.
  4954 | D:6      | 4954 ||| INVOKING Heroism.
  5105 | D:6      | Found a hazy altar of Hepliaklqana.
  5105 | D:6      | Found an ancient bone altar of Kikubaaqudgha.
  5166 | D:6      | Reached skill level 3 in Invocations
  5274 | D:6      | Reached skill level 10 in Ranged Weapons
  5348 | D:6      | 5348 ||| INVOKING Heroism.
  5527 | D:6      | 5527 ||| READING scroll labelled FOAPEW GUMAOW.
  5532 | D:7      | 5532 ||| PLANNING OSSUARY
  5532 | D:7      | 5532 ||| Stepping ~*~*~tactically~*~*~ (outnumbered).
  5567 | D:7      | 5567 ||| INVOKING Heroism.
  5605 | D:7      | 5605 ||| INVOKING Heroism.
  5610 | D:7      | Reached XP level 10. HP: 63/63 MP: 10/13
  5657 | D:7      | 5657 ||| Stepping ~*~*~tactically~*~*~ (outnumbered).
  5665 | D:7      | 5665 ||| INVOKING Heroism.
  5677 | D:7      | HP: 13/63 [wight/+0 halberd (12)]
  5678 | D:7      | 5678 ||| READING scroll of teleportation.
  5686 | D:7      | 5686 ||| INVOKING Heroism.
  5906 | D:7      | Reached skill level 11 in Ranged Weapons
  5924 | D:7      | 5924 ||| INVOKING Heroism.
  5953 | D:7      | 5953 ||| RETREATING.
  6080 | D:7      | 6080 ||| RETREATING.
  6083 | D:7      | 6083 ||| Stepping ~*~*~tactically~*~*~ (retreating).
  6087 | D:7      | 6087 ||| Stepping ~*~*~tactically~*~*~ (retreating).
  6088 | D:7      | 6088 ||| Stepping ~*~*~tactically~*~*~ (retreating).
  6089 | D:7      | 6089 ||| Stepping ~*~*~tactically~*~*~ (retreating).
  6090 | D:7      | 6090 ||| Stepping ~*~*~tactically~*~*~ (retreating).
  6091 | D:7      | 6091 ||| Stepping ~*~*~tactically~*~*~ (retreating).
  6092 | D:7      | 6092 ||| Stepping ~*~*~tactically~*~*~ (retreating).
  6093 | D:7      | 6093 ||| Stepping ~*~*~tactically~*~*~ (retreating).
  6094 | D:7      | 6094 ||| Stepping ~*~*~tactically~*~*~ (retreating).
  6095 | D:7      | 6095 ||| Stepping ~*~*~tactically~*~*~ (retreating).
  6096 | D:7      | 6096 ||| Stepping ~*~*~tactically~*~*~ (retreating).
  6097 | D:7      | 6097 ||| Stepping ~*~*~tactically~*~*~ (retreating).
  6098 | D:7      | 6098 ||| Stepping ~*~*~tactically~*~*~ (retreating).
  6104 | D:7      | 6104 ||| INVOKING Heroism.
  6105 | D:7      | 6105 ||| Stepping ~*~*~tactically~*~*~ (retreating).
  6106 | D:7      | 6106 ||| Stepping ~*~*~tactically~*~*~ (retreating).
  6107 | D:7      | 6107 ||| Stepping ~*~*~tactically~*~*~ (retreating).
  6108 | D:7      | 6108 ||| Stepping ~*~*~tactically~*~*~ (retreating).
  6109 | D:7      | 6109 ||| Stepping ~*~*~tactically~*~*~ (retreating).
  6109 | D:7      | HP: 14/64 [yak (8)]
  6112 | D:7      | Slain by a yak

Levels and vault maps discovered:
D:1:      onia_arrival_zoo_common, layout_basic, chequers_serial_rivers_room_b,
          dreamdust_princess_corridor, palyth_stone_intersect,
          minmay_pentomino_p4
D:2:      layout_loops_corners, basic_altar, st_stairs_12
D:3:      layout_basic, gammafunk_temple_overflow_claw,
          hellmonk_ecumenical_altar_arch_garden, uniq_grinder, uniq_jessica,
          uniq_natasha
D:4:      layout_rooms, xom_redecorated, serial_shops,
          nicolae_shop_just_a_little_nook
D:5:      layout_loops_corners, minmay_temple_entry_mini_moons, minmay_bent,
          uniq_pikel, uniq_eustachio, uniq_menkaure, uniq_duvessa
D:6:      layout_loops_ring, nicolae_overflow_two_pavilions
D:7:      layout_cave_pools, kennysheep_little_box, serial_undead,
          serial_undead_a, serial_undead_b, serial_undead_d, serial_undead_d,
          nicolae_ossuary_entry_catacombs, enter_bailey_5
Temple:   jpeg_temple_clearing

Skill      XL: |  1  2  3  4  5  6  7  8  9 10 |
---------------+-------------------------------+-----
Ranged Weapons | 5 6 7 8 10 11 | 11.2
Fighting       | 3 4 5 7 8 |  8.0
Armour         | 4 |  4.5
Dodging        | 4 |  4.7
Invocations    | 4 |  4.0
Stealth        | |  1.1

Action                     |  1- 3 |  4- 6 |  7- 9 | 10-12 || total
---------------------------+-------+-------+-------+-------++-------
   Fire: Shortbow          |    91 |   166 |    44 |       ||   301
         Arbalest          |       |       |   256 |   109 ||   365
 Invoke: Heroism           |       |       |     8 |     4 ||    12
    Use: Scroll            |     3 |     5 |     4 |     1 ||    13
         Potion            |       |     1 |       |       ||     1
 Armour: Leather armour    |    10 |    23 |   133 |    81 ||   247
         Ring mail         |       |    40 |    22 |       ||    62
  Dodge: Dodged            |    13 |    49 |   142 |   114 ||   318

Table legend:
 A = Non-vault XP
 B = Vault XP
 C = Vault XP percentage of total XP
 D = Non-vault monster count
 E = Vault monster count
 F = Vault count percentage of total count
                 A         B        C        D         E       F
            +---------+---------+-------+---------+---------+-------
      Total |    4011 |    2366 |  37.1 |     146 |      32 |  18.0
            +---------+---------+-------+---------+---------+-------
        D:1 |      52 |       7 |  11.9 |      29 |       3 |   9.4
        D:2 |      93 |       0 |   0.0 |      23 |       0 |   0.0
        D:3 |     108 |     353 |  76.6 |      14 |       3 |  17.6
        D:4 |     191 |       0 |   0.0 |      14 |       0 |   0.0
        D:5 |     773 |    1570 |  67.0 |      17 |      14 |  45.2
        D:6 |     867 |       0 |   0.0 |      20 |       0 |   0.0
        D:7 |    1927 |     436 |  18.5 |      29 |      12 |  29.3
            +---------+---------+-------+---------+---------+-------
